 Dungeon Crawl Stone Soup version 0.18-a0-1542-g9c1a92e (webtiles) character file.

137 mrath the Cudgeler (level 5, -3/45 HPs)
             Began as a Minotaur Fighter on Mar 10, 2016.
             Killed by divine providence
             ... invoked by an orc priest
              (8 damage)
             ... on level 3 of the Dungeon.
             The game lasted 00:12:04 (2017 turns).

mrath the Cudgeler (Minotaur Fighter)               Turns: 2017, Time: 00:12:04

Health: -3/45      AC: 10    Str: 21    XL:     5   Next: 0%
Magic:  4/4        EV:  5    Int:  5    God:
Gold:   85         SH:  9    Dex: 10    Spells: 0 memorised, 4 levels left

rFire  . . .     SeeInvis .     a - +0 flail
rCold  . . .     Gourm    .     w - +0 chain mail
rNeg   . . .     Faith    .     c - +0 shield
rPois  .         Spirit   .     (helmet restricted)
rElec  .         Dismiss  .     (no cloak)
rCorr  .         Reflect  .     k - +0 pair of gloves
SustAt .         Harm     .     (no boots)
MR     .....                    (no amulet)
Stlth  ..........               (no ring)
                                (no ring)

@: not resistant to hostile enchantments, extremely unstealthy
A: retaliatory headbutt, horns 2
a: no special abilities


You were on level 3 of the Dungeon.
You were not hungry.

You visited 1 branch of the dungeon, and saw 3 of its levels.

You collected 85 gold pieces.

Inventory:

Hand Weapons
 a - a +0 flail (weapon)
 i - a +0 hunting sling
Missiles
 g - 11 sling bullets of flame
 s - 90 stones
 t - 3 tomahawks (quivered)
 y - 7 sling bullets
Armour
 c - a +0 shield (worn)
 k - a +0 pair of gloves (worn)
 w - a +0 chain mail (worn)
Wands
 C - a wand of iceblast (7/15)
Scrolls
 b - 2 scrolls of immolation {unknown}
 j - 2 scrolls of identify {unknown}
 m - 2 scrolls of remove curse {unknown}
 n - 2 scrolls of enchant armour {unknown}
 o - 2 scrolls of amnesia {unknown}
 p - 2 scrolls of enchant weapon {unknown}
 r - a scroll of fog {unknown}
 B - a scroll of magic mapping {unknown}
 D - a scroll of recharging {unknown}
 E - a scroll of random uselessness {unknown}
Potions
 d - a potion of might
 e - a potion of cancellation {unknown}
 f - a potion of curing {unknown}
 h - a potion of magic {unknown}
 l - a potion of lignification {unknown}
 q - 2 potions of berserk rage {unknown}
 x - a potion of brilliance {unknown}
 z - 2 potions of mutation {unknown}
 A - a potion of cure mutation {unknown}
Comestibles
 u - 2 bread rations
 v - 3 chunks of flesh


   Skills:
 - Level 3.6 Fighting
 + Level 6.3 Maces & Flails
 - Level 3.6 Armour
 - Level 3.6 Shields


You had 4 spell levels left.
You didn't know any spells.

Dungeon Overview and Level Annotations

Branches:
Dungeon (3/15)

Altars:
Ashenzari
Pakellas
Qazlal


Innate Abilities, Weirdness & Mutations

You reflexively headbutt those who attack you in melee.
You have a pair of horns on your head.


Message History

The orc priest calls upon Beogh to heal the orc priest.
The orc priest is healed somewhat.
The orc priest looks braver for a moment.
The bat hits you but does no damage. The bat hits you but does no damage.
The bat hits you but does no damage.
The orc priest mumbles some strange prayers to Beogh against you.
Pain shoots through your body!
* * * LOW HITPOINT WARNING * * *
The bat hits you but does no damage.
You sock the orc!
You kill the orc!
You have reached level 5!
You block the bat's attack.
The orc priest calls upon Beogh to heal the orc priest.
The orc priest's wounds heal themselves!
The orc hits you but does no damage.
The orc priest invokes the aid of Beogh against you.
Beogh smites you!
You die...

.. .....#...# #.##..#.....#
...........)# ............####
### #...........o..# #.#
##.............# ##.# ###
##...........oo#####..# #.#
.[..........b.)..##...# ##.####
#........#)##.##@...#.# #..#..>
.........#.##..##...#.#####..#...
...##...[.......#.#...##....##...
.#................###.......#....
.###..............###.........#..
................................#
....................#.........###
.)................#.........#...#
..................#..#...........


You could see 2 orc priests, an orc and a bat.

Vanquished Creatures
  An orc priest (D:3)
  4 adders
  3 dart slugs
  2 giant geckos
  7 orcs (D:3)
  6 giant cockroaches
  6 goblins
  6 hobgoblins
  2 jackals (D:1)
  A quokka (D:3)
  9 bats
  A giant newt (D:3)
  4 kobolds
  2 rats
54 creatures vanquished.

Notes
Turn   | Place    | Note
--------------------------------------------------------------
     0 | D:1      | mrath the Minotaur Fighter began the quest for the Orb.
     0 | D:1      | Reached XP level 1. HP: 19/19 MP: 0/0
   105 | D:1      | Reached skill level 3 in Maces & Flails
   156 | D:1      | Reached XP level 2. HP: 15/26 MP: 1/1
   650 | D:1      | Reached skill level 4 in Maces & Flails
   877 | D:2      | Found a stormy altar of Qazlal.
   884 | D:2      | Found a shattered altar of Ashenzari.
   919 | D:2      | Reached XP level 3. HP: 31/31 MP: 2/2
  1467 | D:2      | Reached skill level 5 in Maces & Flails
  1526 | D:2      | Found an oddly glowing altar of Pakellas.
  1601 | D:3      | Reached XP level 4. HP: 39/39 MP: 3/3
  1795 | D:3      | Reached skill level 6 in Maces & Flails
  2016 | D:3      | Reached XP level 5. HP: 5/45 MP: 4/4
  2017 | D:3      | Killed from afar by an orc priest

Vault maps used:
D:1:      saegor_arrival_simple_c
D:2:      old_standard_altar, amethyst_overflow_temple_binary, first_bread
D:3:      xom_redecorated, lemuel_blue_sif_altar, nicolae_gozag_seed_capital

Skill      XL: |  1  2  3  4 |
---------------+-------------+-----
Maces & Flails | 3 4 5 6 |  6.3
Fighting       | |  3.6
Armour         | |  3.6
Shields        | |  3.6

Action                   |  1- 3 |  4- 6 || total
-------------------------+-------+-------++-------
Melee: Flail             |   101 |    67 ||   168
Throw: Tomahawk          |     2 |       ||     2
  Eat: Bread ration      |     1 |       ||     1
